 Dungeon Crawl Stone Soup version 0.31-a0-1074-g0b22e4e0f1 (webtiles) character file.

Game seed: 8617099855301032521

261 DocClef the Shield-Bearer (level 6, 0/53 HPs)
             Began as a Gnoll Fighter on Dec 2, 2023.
             Was an Initiate of Gozag.
             Slain by a gnoll
             ... wielding a +0 halberd
              (12 damage)
             ... on level 5 of the Dungeon.
             The game lasted 00:04:13 (4065 turns).

DocClef the Shield-Bearer (Gnoll Fighter)           Turns: 4065, Time: 00:04:13

Health: 0/53       AC:  7    Str: 18    XL:     6   Next: 18%
Magic:  8/8        EV:  5    Int:  7    God:    Gozag
Gold:   192        SH:  0    Dex: 11    Spells: 8/8 levels left

rFire   + . .        t - +2 flail (venom)
rCold   + + .        c - +0 buckler
rNeg    . . .        b - +0 scale mail
rPois   +            (no helmet)
rElec   .            n - scarf {rC+ rF+}
rCorr   +            (no gloves)
SInv    +            (no boots)
Will    .....        e - amulet of reflection Stlth
                     m - ring "Usiur" {rPois rC+ rCorr SInv}
HPRegen 0.28/turn    (no ring)
MPRegen 0.11/turn

%: reflection
@: held
A: fangs 1, strong nose, distributed training
a: Renounce Religion, Potion Petition, Call Merchant, Bribe Branch


You were on level 5 of the Dungeon.
You worshipped Gozag.
Gozag was aware of your devotion.
You visited 2 branches of the dungeon, and saw 6 of its levels.

You collected 288 gold pieces.
You spent 40 gold pieces at shops.
You paid 56 gold pieces to Gozag.

Inventory:

Hand Weapons
 a - a +0 flail
 t - a +2 flail of venom (weapon)
Armour
 b - a +0 scale mail (worn)
 c - a +0 buckler (worn)
 n - a scarf of resistance (worn)
Jewellery
 e - an amulet of reflection (around neck)
 m - the ring "Usiur" (left hand) {rPois rC+ rCorr SInv}
   (You found it on level 2 of the Dungeon)

   [ring of see invisible]

   rC+:       It protects you from cold.
   rPois:     It protects you from poison SInv: It lets you see invisible.
   rCorr:     It protects you from acid and corrosion.
Scrolls
 h - a scroll of fog {unknown}
 i - a scroll of noise {unknown}
 j - a scroll of brand weapon {unknown}
 k - a scroll of enchant weapon {unknown}
 l - 3 scrolls of identify {unknown}
 o - 2 scrolls of poison {unknown}
 p - a scroll of amnesia {unknown}
 s - a scroll of vulnerability {unknown}
 u - a scroll of immolation {unknown}
 v - 2 scrolls of enchant armour {unknown}
 w - a scroll of fear {unknown}
Potions
 d - 2 potions of might
 f - 2 potions of mutation {unknown}
 g - 2 potions of cancellation {unknown}
 q - a potion of brilliance {unknown}
 r - a potion of curing


   Skills:
 + Level 6.8 Fighting
 + Level 1.9 Short Blades
 + Level 1.9 Long Blades
 + Level 1.9 Axes
 + Level 4.9 Maces & Flails
 + Level 1.9 Polearms
 + Level 1.9 Staves
 + Level 1.9 Ranged Weapons
 + Level 1.9 Throwing
 + Level 6.8 Armour
 + Level 1.9 Dodging
 + Level 1.9 Stealth
 + Level 6.8 Shields
 + Level 1.9 Unarmed Combat
 + Level 1.9 Spellcasting
 + Level 1.5 Conjurations
 + Level 1.5 Hexes
 + Level 1.5 Summonings
 + Level 1.5 Necromancy
 + Level 1.5 Translocations
 + Level 1.5 Transmutations
 + Level 1.5 Fire Magic
 + Level 1.5 Ice Magic
 + Level 1.5 Air Magic
 + Level 1.5 Earth Magic
 + Level 1.5 Poison Magic
 + Level 2.1 Invocations
 + Level 1.9 Evocations
 + Level 1.7 Shapeshifting


You had 8 spell levels left.
You didn't know any spells.
Your spell library contained the following spells:

 Spells                   Type           Power      Damage    Failure   Level
 Borgnjor's Vile Clutch   Necr/Erth      1%         N/A       100%        5
 Death Channel            Necr           1%         N/A       100%        6
 Animate Dead             Necr           Unusable   N/A       N/A         4

Dungeon Overview and Level Annotations

Branches:
Dungeon (5/15)             Temple (1/1) D:4

Altars:
Ashenzari
Cheibriados
Dithmenos
Fedhas
Gozag
Makhleb
Nemelex Xobeh
Qazlal
Ru
Sif Muna
Uskayaw
Vehumet
Wu Jian
Xom
Yredelemnul
Zin
The Shining One

Shops:
D:2 !


Innate Abilities, Weirdness & Mutations

You have very sharp teeth.
Your uncanny sense of smell can sniff out nearby items.
Your experience applies equally to all skills.


Message History

The ufetubus shouts!
You hear a shout!
The orc hits you with a +0 hand axe.
A gnoll comes into view. It is wielding a +0 spear.
You hear a shout!
You hit the scorpion.
The scorpion is lightly wounded.
The orc hits you but does no damage.
The scorpion stings you but does no damage.
The orc hits you but does no damage.
You sock the scorpion!
You bite the scorpion, but do no damage.
The scorpion is severely wounded.
The scorpion stings you. You block the orc's attack.
The scorpion stings you but does no damage.
You closely miss the scorpion.
The scorpion is severely wounded.
You block the scorpion's attack. You block the orc's attack.
The gnoll hits you from afar with a +0 halberd.
You hit the scorpion but do no damage. Your bite misses the scorpion.
The scorpion is severely wounded.
The scorpion stings you but does no damage.
The gnoll throws a throwing net.
The throwing net hits you.
You become entangled in the net!
The gnoll hits you from afar with a +0 halberd!
The orc hits you with a +0 hand axe. The scorpion barely misses you.
You struggle against the net.
The orc hits you but does no damage.
The gnoll hits you from afar with a +0 halberd.
The scorpion stings you but does no damage.
You struggle against the net.
An ogre comes into view. It is wielding a +0 giant spiked club.
The gnoll hits you with a +0 club. The orc barely misses you.
The gnoll hits you from afar with a +0 halberd!
The scorpion stings you but does no damage.
Unknown command.
You struggle against the net.
The gnoll hits you but does no damage. The orc hits you with a +0 hand axe.
* * * LOW HITPOINT WARNING * * *
The gnoll hits you from afar with a +0 halberd!
You die...
Your body crumbles into a pile of gold.

# #.........
#.....####
#.....# ###.
#.....# ....
#.....# ....
#.....# ....
#.....# #####
....
#.#####5..... ..
#....@o5g....
#....gsg.....
...<............
########+#......
....O. ##....
.... ...


You could see an ogre, a scorpion, 3 gnolls, 2 ufetubi and an orc.

Vanquished Creatures
  A water moccasin (D:4)
  An orc priest (D:4)
  Terence (D:3)
  2 adders
  A worm (D:2)
  A dart slug (D:1)
  10 orcs
  3 ball pythons
  7 bats
  5 endoplasms
  4 giant cockroaches
  4 goblins
  6 hobgoblins
  4 jackals (D:1)
  3 kobolds
  5 quokkas
  4 frilled lizards
  4 rats
66 creatures vanquished.

Notes
Turn   | Place    | Note
-------+----------+-------------------------------------------
     0 | D:1      | DocClef the Gnoll Fighter began the quest for the Orb.
     0 | D:1      | Reached XP level 1. HP: 23/23 MP: 1/1
    55 | D:1      | Reached XP level 2. HP: 27/29 MP: 2/2
   359 | D:1      | Reached XP level 3. HP: 32/35 MP: 3/3
  1012 | D:2      | Reached skill level 1 in Invocations
  1150 | D:2      | Found a faded altar of an unknown god.
  1165 | D:2      | Identified the ring "Usiur" {rPois rC+ rCorr SInv}
  1482 | D:2      | Reached skill level 1 in Short Blades
  1482 | D:2      | Reached skill level 1 in Long Blades
  1482 | D:2      | Reached skill level 1 in Axes
  1482 | D:2      | Reached skill level 1 in Polearms
  1482 | D:2      | Reached skill level 1 in Staves
  1482 | D:2      | Reached skill level 1 in Ranged Weapons
  1482 | D:2      | Reached skill level 1 in Throwing
  1482 | D:2      | Reached skill level 1 in Dodging
  1482 | D:2      | Reached skill level 1 in Stealth
  1482 | D:2      | Reached skill level 1 in Unarmed Combat
  1482 | D:2      | Reached skill level 1 in Spellcasting
  1482 | D:2      | Reached skill level 1 in Evocations
  1483 | D:2      | Found Ycahout's Distillery.
  1503 | D:2      | Bought a potion of curing for 30 gold pieces
  1503 | D:2      | Bought a potion of degeneration for 10 gold pieces
  2169 | D:3      | Noticed Terence
  2183 | D:3      | Killed Terence
  2184 | D:3      | Reached skill level 1 in Shapeshifting
  2184 | D:3      | Reached XP level 4. HP: 19/41 MP: 5/5
  2316 | D:3      | Reached skill level 1 in Conjurations
  2316 | D:3      | Reached skill level 1 in Hexes
  2316 | D:3      | Reached skill level 1 in Summonings
  2316 | D:3      | Reached skill level 1 in Necromancy
  2316 | D:3      | Reached skill level 1 in Translocations
  2316 | D:3      | Reached skill level 1 in Transmutations
  2316 | D:3      | Reached skill level 1 in Fire Magic
  2316 | D:3      | Reached skill level 1 in Ice Magic
  2316 | D:3      | Reached skill level 1 in Air Magic
  2316 | D:3      | Reached skill level 1 in Earth Magic
  2316 | D:3      | Reached skill level 1 in Poison Magic
  2592 | D:4      | Found a staircase to the Ecumenical Temple.
  2650 | D:4      | Reached XP level 5. HP: 32/47 MP: 5/7
  2743 | Temple   | Entered the Ecumenical Temple
  2831 | Temple   | Became a worshipper of Gozag Ym Sagoz the Greedy
  3099 | D:4      | Noticed a water moccasin
  3114 | D:4      | Killed a water moccasin
  3115 | D:4      | Reached XP level 6. HP: 41/53 MP: 8/8
  3834 | D:5      | Entered Level 5 of the Dungeon
  4065 | D:5      | Slain by a gnoll

Illustrated notes

Levels and vault maps discovered:
D:1:      amcnicky_arrival_single_pillar, layout_basic, corexii_corridor_pit
D:2:      layout_loops_ring, serial_shops, nicolae_shop_window_shopping,
          hellmonk_ecumenical_altar_lost_god, corexii_hall_statues_x,
          minmay_misc_feat_hallway
D:3:      layout_basic, chequers_serial_rivers_room_b,
          hangedman_abyss_or_decor_stabs, grunt_decor_mini_mirrors, uniq_terence
D:4:      layout_basic, minmay_temple_entry_mist, minmay_hedge_maze
D:5:      layout_basic
Temple:   bh_familiar_temple

Skill      XL: |  1  2  3  4  5 |
---------------+----------------+-----
Invocations    | 1 2 |  2.1
Short Blades   | 1 |  1.9
Long Blades    | 1 |  1.9
Axes           | 1 |  1.9
Polearms       | 1 |  1.9
Staves         | 1 |  1.9
Ranged Weapons | 1 |  1.9
Throwing       | 1 |  1.9
Dodging        | 1 |  1.9
Stealth        | 1 |  1.9
Unarmed Combat | 1 |  1.9
Spellcasting   | 1 |  1.9
Evocations     | 1 |  1.9
Shapeshifting  | 1 |  1.7
Conjurations   | 1 |  1.5
Hexes          | 1 |  1.5
Summonings     | 1 |  1.5
Necromancy     | 1 |  1.5
Translocations | 1 |  1.5
Transmutations | 1 |  1.5
Fire Magic     | 1 |  1.5
Ice Magic      | 1 |  1.5
Air Magic      | 1 |  1.5
Earth Magic    | 1 |  1.5
Poison Magic   | 1 |  1.5
Fighting       | |  6.8
Maces & Flails | |  4.9
Armour         | |  6.8
Shields        | |  6.8

Action                     |  1- 3 |  4- 6 || total
---------------------------+-------+-------++-------
  Melee: Flail             |   129 |    64 ||   193
         Bite              |     5 |     6 ||    11
 Armour: Scale mail        |    96 |    46 ||   142
  Dodge: Dodged            |    66 |    18 ||    84
  Block: Buckler           |    40 |    26 ||    66
         Reflection        |     1 |       ||     1

Table legend: (Time is in decaauts)
 A = Elapsed time spent in this place.
 B = Non-inter-level travel time spent in this place.
 C = Inter-level travel time spent in this place.
 D = Time resting spent in this place.
 E = Time spent auto-exploring this place.
 F = Levels seen in this place.
 G = Mean time per level.
                   A        B        C        D        E       F      G
               +--------+--------+--------+--------+--------+-----+--------+
         Total |   4107 |   3842 |    265 |      0 |   3248 |   6 |  684.5 |
       Dungeon |   4006 |   3752 |    254 |      0 |   3248 |   5 |  801.2 |
        Temple |    100 |     89 |     11 |      0 |      0 |   1 |  100.0 |
               +--------+--------+--------+--------+--------+-----+--------+

Top non-repeatable levels by time:
     D:4: 1078 daAuts
     D:1: 954 daAuts
     D:3: 921 daAuts
     D:2: 817 daAuts
     D:5: 234 daAuts
  Temple: 100 daAuts
